[Event "DVM U16 2019"]
[Site "Magedburg"]
[Date "2019.12.29"]
[Round "5"]
[White "Nguyen, Alex Dac-Vuong"]
[Black "Woelk, Tom-Frederic"]
[Result "1-0"]
[ECO "C55"]
[WhiteElo "2409"]
[BlackElo "2245"]
[Annotator "NA"]
[PlyCount "111"]
[EventDate "2019.12.27"]
[EventType "team-tourn"]
[EventRounds "7"]
[EventCountry "GER"]
[SourceTitle "playchess.com"]
[Source "ChessBase"]
[SourceQuality "1"]
[WhiteTeam "SG Leipzig"]
[BlackTeam "Hamburger SK"]
[WhiteTeamCountry "GER"]
[BlackTeamCountry "GER"]
[TimeControl "40/5400+30:1800+30"]

1. e4 e5 2. Nf3 Nc6 3. Bc4 Nf6 4. d3 Be7 5. O-O O-O 6. Re1 d6 7. a4 Na5 8. Ba2 {[%emt 0:00:15] C55: Two Knights: 4 d3, 4 d4 exd4 5 e5 and Max Lange Attack} c5 9. c3 {[%emt 0:00:14] unterminated} Nc6 {[%emt 0:12:00] unterminated} 10. Na3 {[%emt 0:03:56] unterminated} a6 {[%emt 0:01:18] unterminated} 11. Nc2 {[%emt 0:04:31] unterminated} h6 {[%emt 0:01:44] unterminated} 12. d4 $146 {[%emt 0:08:42] unterminated} ({Predecessor:} 12. Ne3 Re8 13. h3 Bf8 14. Nd5 Rb8 15. Be3 Be6 {½-½ (43) Van Foreest,J (2629)-Harikrishna,P (2744) Riadh 2017}) 12... cxd4 {[%emt 0:18:58] unterminated} 13. cxd4 Bg4 14. d5 {[%emt 0:00:59] unterminated} Nb8 {[%emt 0:02:08] unterminated} 15. h3 Bh5 {[%emt 0:00:13] unterminated} 16. Bb1 Nbd7 {[%emt 0:00:43] unterminated} 17. a5 {[%emt 0:00:20] unterminated} Nc5 18. Nb4 {[%emt 0:00:12] unterminated} Bg6 19. Nd2 {[%emt 0:00:46] unterminated} Rc8 {[%emt 0:01:26] unterminated} 20. Ra3 {[%emt 0:03:46] unterminated} Qd7 {[%emt 0:02:23] unterminated} 21. Na2 {[%emt 0:04:48] unterminated} Qd8 {[%emt 0:03:06] unterminated} 22. b4 Ncd7 23. Bd3 {[%emt 0:01:23] unterminated} Nh7 {[%emt 0:01:00] unterminated} 24. Nc4 {[%emt 0:05:03] unterminated} f5 {[%emt 0:03:04] unterminated} 25. exf5 Bxf5 {[%emt 0:00:28] unterminated} 26. Bxf5 Rxf5 27. Qg4 {[%emt 0:00:13] unterminated} Rf7 $1 {[%emt 0:01:45] unterminated} 28. Nc3 {[%emt 0:00:50] unterminated} Nhf6 29. Qe2 {[%emt 0:00:15] unterminated} b5 {[%emt 0:02:35] unterminated} (29... Qc7 $14 30. Ne3 Ne8) 30. axb6 $1 Nxb6 31. Ne3 Qc7 32. Bd2 Nc4 33. Rxa6 Qb7 34. Rc6 Nxe3 35. Rxc8+ Qxc8 {[%emt 0:00:01] unterminated} 36. fxe3 Bd8 {[%emt 0:01:09] unterminated} 37. Rc1 {[%emt 0:04:25] unterminated} Rc7 {[%emt 0:02:36] unterminated} 38. Qd3 {[%emt 0:04:12] unterminated} e4 {[%emt 0:01:44] unterminated} 39. Qb1 {[%emt 0:04:11] unterminated} Rc4 {[%emt 0:01:19] unterminated} 40. Qb3 {[%emt 0:09:34] unterminated} Nxd5 $18 (40... Nd7 $16 {keeps fighting.}) 41. Nxd5 Rxc1+ 42. Bxc1 Qxc1+ 43. Kh2 Kh7 44. b5 Bh4 45. Qb4 Bf2 46. Qxe4+ Kh8 47. Qe8+ Kh7 48. Nf6+ gxf6 49. Qf7+ Kh8 50. Qxf6+ Kh7 51. Qf7+ Kh8 52. Qxf2 Qc5 53. Qb2+ Kh7 54. b6 Qxe3 {[%emt 0:00:00] normal} 55. b7 Qf4+ 56. g3 {[%emt 0:00:00] normal} 1-0

[Event "DVM U16 2019"]
[Site "Magedburg"]
[Date "2019.12.29"]
[Round "5"]
[White "Bethke, Richard"]
[Black "Krastev, Alexander"]
[Result "0-1"]
[ECO "C71"]
[WhiteElo "2332"]
[BlackElo "2323"]
[Annotator "ChessBase"]
[PlyCount "53"]
[EventDate "2019.12.27"]
[EventType "team-tourn"]
[EventRounds "7"]
[EventCountry "GER"]
[SourceTitle "playchess.com"]
[Source "ChessBase"]
[SourceQuality "1"]
[WhiteTeam "SF Neuberg"]
[BlackTeam "Biebertaler SF"]
[WhiteTeamCountry "GER"]
[BlackTeamCountry "GER"]
[TimeControl "40/5400+30:1800+30"]

1. e4 e5 2. Nf3 Nc6 3. Bb5 a6 4. Ba4 d6 5. d4 b5 6. Bb3 Nxd4 7. Nxd4 exd4 8. Qxd4 c5 9. Qd5 Be6 10. Qc6+ Bd7 11. Qd5 c4 12. Bxc4 bxc4 13. Qxc4 Nf6 14. Nc3 Be7 15. O-O O-O 16. Rd1 Qb6 17. a4 Rfc8 18. Qd3 Qb7 19. Qd4 Be6 20. b3 Qa7 21. Qd2 Rc6 22. Bb2 Rac8 23. Ra3 Nxe4 24. Nxe4 Rxc2 25. Qf4 Rxb2 26. b4 {[%emt 0:01:02] normal} d5 27. Qe5 {[%emt 0:00:52] normal} 0-1

[Event "DVM U16 2019"]
[Site "Magedburg"]
[Date "2019.12.29"]
[Round "5"]
[White "Post, Hugo"]
[Black "Huber, Benedikt"]
[Result "1-0"]
[ECO "B12"]
[WhiteElo "2181"]
[BlackElo "2133"]
[Annotator "ChessBase"]
[PlyCount "55"]
[EventDate "2019.12.27"]
[EventType "team-tourn"]
[EventRounds "7"]
[EventCountry "GER"]
[SourceTitle "playchess.com"]
[Source "ChessBase"]
[SourceQuality "1"]
[WhiteTeam "Reideburger SV 90 Halle"]
[BlackTeam "SK München Südost"]
[WhiteTeamCountry "GER"]
[BlackTeamCountry "GER"]
[TimeControl "40/5400+30:1800+30"]

1. e4 c6 2. d4 d5 3. e5 c5 4. c3 Nc6 5. f4 cxd4 6. cxd4 Nh6 7. Nc3 Bg4 8. Be2 Bxe2 9. Ngxe2 e6 10. O-O Qb6 11. Kh1 O-O-O 12. Na4 Qa6 13. Be3 Nf5 14. Bg1 h5 15. g3 Be7 16. a3 Kb8 17. b4 Ka8 18. Rb1 b5 19. Nc5 Bxc5 20. bxc5 Qxa3 21. Ra1 Qb4 22. Rf3 Na5 23. Rfa3 Nc4 24. Rxa7+ Kb8 25. Ra8+ Kb7 26. R1a7+ Kc6 27. Rxd8 Rxd8 28. Qa1 {[%emt 0:00:21] normal} 1-0

[Event "DVM U16 2019"]
[Site "Magedburg"]
[Date "2019.12.29"]
[Round "5"]
[White "Burian, Simon"]
[Black "Köllner, Ruben Gideon"]
[Result "1/2-1/2"]
[ECO "B07"]
[WhiteElo "2149"]
[BlackElo "2330"]
[Annotator "ChessBase"]
[PlyCount "53"]
[EventDate "2019.12.27"]
[EventType "team-tourn"]
[EventRounds "7"]
[EventCountry "GER"]
[SourceTitle "playchess.com"]
[Source "ChessBase"]
[SourceQuality "1"]
[WhiteTeam "SK König Plauen"]
[BlackTeam "SG Bochum"]
[WhiteTeamCountry "GER"]
[TimeControl "40/5400+30:1800+30"]

1. e4 d6 2. d4 Nf6 3. Nc3 e5 4. dxe5 dxe5 5. Qxd8+ Kxd8 6. Bc4 Be6 7. Bxe6 fxe6 8. f3 Bd6 9. Be3 Ke7 10. O-O-O a6 11. Nh3 Nbd7 12. Nf2 b5 13. h4 Rhb8 14. h5 h6 15. b3 c5 16. g4 c4 17. g5 hxg5 18. Bxg5 Rc8 19. Ne2 cxb3 20. axb3 a5 21. h6 gxh6 22. Rxh6 Rh8 23. Rxh8 Rxh8 24. Ng4 Rg8 25. Bh4 Rh8 26. Bg5 Rg8 27. Bh4 {[%emt 0:05:49] normal} 1/2-1/2

[Event "DVM U16 2019"]
[Site "Magedburg"]
[Date "2019.12.29"]
[Round "5"]
[White "Kotyk, Michael"]
[Black "Haufe, Laurin"]
[Result "0-1"]
[ECO "A04"]
[WhiteElo "2103"]
[BlackElo "2022"]
[Annotator "NA"]
[PlyCount "96"]
[EventDate "2019.12.27"]
[EventType "team-tourn"]
[EventRounds "7"]
[EventCountry "GER"]
[SourceTitle "playchess.com"]
[Source "ChessBase"]
[SourceQuality "1"]
[WhiteTeam "Hamburger SK"]
[BlackTeam "SG Leipzig"]
[WhiteTeamCountry "GER"]
[BlackTeamCountry "GER"]
[TimeControl "40/5400+30:1800+30"]

1. Nf3 c5 2. b3 d5 3. Bb2 f6 4. Nc3 e5 5. e4 d4 6. Nd5 {[%emt 0:00:00] unterminated} Nc6 {[%emt 0:02:15] unterminated} 7. Nh4 {[%emt 0:01:30] unterminated} Be6 8. Bc4 {[%emt 0:00:05] unterminated} Bf7 {[%emt 0:01:21] unterminated} 9. Qg4 {[%emt 0:01:35] unterminated} Nh6 $11 10. Qf3 Qd7 11. d3 Bxd5 12. Bxd5 Nb4 13. Kd1 Nxd5 14. exd5 Qg4 15. Qxg4 Nxg4 16. Ke2 Nh6 17. Bc1 Ng8 18. Nf5 g6 19. Ng3 Ne7 20. d6 Nd5 21. Ne4 b6 22. a4 Kd7 23. g4 Bxd6 24. f3 Bf8 25. h4 h5 26. Ng3 Bh6 27. g5 fxg5 28. hxg5 Bf8 29. Rh4 Bd6 30. Ne4 Rhf8 31. Bd2 Ke6 32. Rg1 Rf7 33. Rh3 Be7 34. Rh4 Raf8 35. Rh3 Nc7 36. Ra1 a5 37. Rg1 Kd7 38. Rgg3 Ne6 39. Rh2 Rf5 40. Rh1 Kc6 41. Rhh3 Nc7 42. Rh1 Ne8 43. Rhh3 Nd6 44. Nxd6 Bxd6 45. Rg1 Ra8 46. Ra1 b5 47. Rhh1 Bc7 48. Rh3 bxa4 {[%emt 0:02:45] normal} 0-1

[Event "DVM U16 2019"]
[Site "Magedburg"]
[Date "2019.12.29"]
[Round "5"]
[White "Ponomarev, Maximilian"]
[Black "Hundrieser, Malte"]
[Result "1/2-1/2"]
[ECO "B36"]
[WhiteElo "2046"]
[BlackElo "2003"]
[Annotator "NA"]
[PlyCount "90"]
[EventDate "2019.12.27"]
[EventType "team-tourn"]
[EventRounds "7"]
[EventCountry "GER"]
[SourceTitle "playchess.com"]
[Source "ChessBase"]
[SourceQuality "1"]
[WhiteTeam "SK München Südost"]
[BlackTeam "Reideburger SV 90 Halle"]
[WhiteTeamCountry "GER"]
[BlackTeamCountry "GER"]
[TimeControl "40/5400+30:1800+30"]

1. e4 c5 2. Nf3 Nc6 3. d4 cxd4 4. Nxd4 g6 5. c4 d6 6. Be3 Nf6 {[%emt 0:00:38] unterminated} 7. f3 {[%emt 0:01:01] unterminated} Bg7 8. Nc3 {[%emt 0:00:46] unterminated} O-O 9. Be2 {[%emt 0:00:33] unterminated} Nxd4 {[%emt 0:06:17] unterminated} 10. Bxd4 {[%emt 0:00:33] unterminated} Be6 {[%emt 0:02:24] unterminated} 11. O-O Nd7 {[%emt 0:04:18] B38: Sicilian: Maroczy Bind with 5...Bg7 and 7...0-0} (11... Qa5 12. Rc1 Rfc8 13. b3 a6 14. f4 b5 15. f5 Bd7 16. Bxf6 Bxf6 17. Nd5 Bg5 18. Rc3 e6 19. Rg3 Bh4 20. Rg4 {1-0 (30) Efimenko,Z (2651)-Korobov,A (2692) Rivne 2016}) 12. Bxg7 Kxg7 13. Kh1 {[%emt 0:00:05] unterminated} Qb6 {[%emt 0:07:04] unterminated} 14. Qd2 {[%emt 0:05:16] unterminated} Rac8 15. b3 {[%emt 0:00:49] unterminated} Kg8 16. f4 {[%emt 0:01:06] unterminated} f5 $146 {[%emt 0:06:42] unterminated} ({Predecessor:} 16... f6 17. Rae1 Rf7 18. f5 gxf5 19. exf5 Bxf5 20. Rxf5 {1-0 (45) Babazade,J (2033)-Hatzis Bakratsas,A (1556) Thessaloniki 2010}) 17. exf5 {[%emt 0:10:56] unterminated} Bxf5 {[%emt 0:02:04] unterminated} 18. Nd5 Qd8 19. Bd3 {[%emt 0:00:10] unterminated} e6 {[%emt 0:08:35] unterminated} 20. Bxf5 {[%emt 0:09:15] unterminated} gxf5 {[%emt 0:00:18] unterminated} 21. Nc3 Nf6 {[%emt 0:01:26] unterminated} 22. Rae1 {[%emt 0:04:13] unterminated} Qd7 {[%emt 0:04:39] unterminated} 23. Qe3 {[%emt 0:03:43] unterminated} Kf7 {[%emt 0:11:53] unterminated} 24. Nb5 {[%emt 0:03:36] unterminated} a6 25. Nd4 {unterminated} Rce8 26. Nf3 {[%emt 0:00:47] unterminated} Ne4 $14 27. Re2 Kg8 28. Nd2 Nf6 29. Rfe1 h6 30. Qg3+ Kh7 31. Qh4 Ng8 32. Nf3 Rf6 33. Nd4 Re7 34. Nf3 Rg6 35. h3 Nf6 36. Kh2 Kg7 37. Rd1 Qc7 38. Qf2 Ne4 39. Qe3 Rf6 40. Nd2 Nxd2 41. Rdxd2 e5 42. Rd5 e4 43. Qd4 Kf7 44. Kg1 Qc6 45. Rd2 Ree6 {[%emt 0:00:50] normal} 1/2-1/2

[Event "DVM U16 2019"]
[Site "Magedburg"]
[Date "2019.12.29"]
[Round "5"]
[White "Biermann, Florian"]
[Black "Pivtorak, Illia"]
[Result "1-0"]
[ECO "A05"]
[WhiteElo "2044"]
[BlackElo "1491"]
[Annotator "NA"]
[PlyCount "59"]
[EventDate "2019.12.27"]
[EventType "team-tourn"]
[EventRounds "7"]
[EventCountry "GER"]
[SourceTitle "playchess.com"]
[Source "ChessBase"]
[SourceQuality "1"]
[WhiteTeam "SG Bochum"]
[BlackTeam "SK König Plauen"]
[WhiteTeamCountry "GER"]
[TimeControl "40/5400+30:1800+30"]

1. Nf3 Nf6 2. c4 g6 3. g3 Bg7 4. Bg2 d6 5. Nc3 O-O 6. O-O e5 7. d4 Nc6 8. dxe5 dxe5 9. Bg5 Be6 10. Qa4 Qe8 11. Rfd1 h6 12. Be3 Nd7 13. Nd5 Rc8 14. Rac1 e4 15. Nd4 Nxd4 16. Bxd4 f5 17. Bxg7 Kxg7 18. Qxa7 c6 19. Nf4 Rc7 20. Rd6 Bf7 21. Qd4+ Kh7 22. Rd1 Ne5 23. b3 c5 24. Qc3 Rc6 25. Ne6 Rxd6 26. Rxd6 Bxe6 27. Qxe5 Bd7 28. Qxc5 Bc6 29. e3 Qe7 30. Rxc6 {normal} 1-0

[Event "DVM U16 2019"]
[Site "Magedburg"]
[Date "2019.12.29"]
[Round "5"]
[White "Lohvinov, Petro"]
[Black "Dietz, Florian"]
[Result "0-1"]
[ECO "B40"]
[WhiteElo "2032"]
[BlackElo "2116"]
[Annotator "ChessBase"]
[PlyCount "69"]
[EventDate "2019.12.27"]
[EventType "team-tourn"]
[EventRounds "7"]
[EventCountry "GER"]
[SourceTitle "playchess.com"]
[Source "ChessBase"]
[SourceQuality "1"]
[WhiteTeam "SK München Südost"]
[BlackTeam "Reideburger SV 90 Halle"]
[WhiteTeamCountry "UKR"]
[BlackTeamCountry "GER"]
[TimeControl "40/5400+30:1800+30"]

1. e4 c5 2. Nf3 e6 3. d3 d5 4. Nbd2 Nc6 5. g3 Nf6 6. Bg2 Be7 7. O-O e5 8. Re1 d4 9. Rf1 Qc7 10. Ne1 g5 11. c3 Be6 12. Ndf3 h6 13. h4 Ng4 14. Bh3 gxh4 15. Nxh4 Nxf2 16. Rxf2 Bxh3 17. Nf5 Bxf5 18. Rxf5 Rg8 19. Kf2 Qd6 20. c4 Qg6 21. Qf3 Rg7 22. Bd2 O-O-O 23. Rh5 Rdg8 24. Rh3 Bg5 25. Rd1 Rh7 26. Ng2 Qe6 27. Rh5 Rhg7 28. Bxg5 Rxg5 29. Rxg5 Rxg5 30. Nh4 Ne7 31. Kg2 f5 32. exf5 Nxf5 33. Nxf5 Rxf5 34. Qe4 Rh5 {[%emt 0:02:43] normal} 35. Rh1 {[%emt 0:03:06] normal} 0-1

[Event "DVM U16 2019"]
[Site "Magedburg"]
[Date "2019.12.29"]
[Round "5"]
[White "Henning, Marvin"]
[Black "Costa, Leonardo"]
[Result "1/2-1/2"]
[ECO "C78"]
[WhiteElo "1972"]
[BlackElo "2048"]
[Annotator "NA"]
[PlyCount "92"]
[EventDate "2019.12.27"]
[EventType "team-tourn"]
[EventRounds "7"]
[EventCountry "GER"]
[SourceTitle "playchess.com"]
[Source "ChessBase"]
[SourceQuality "1"]
[WhiteTeam "Reideburger SV 90 Halle"]
[BlackTeam "SK München Südost"]
[WhiteTeamCountry "GER"]
[BlackTeamCountry "GER"]
[TimeControl "40/5400+30:1800+30"]

1. e4 e5 2. Nf3 Nc6 3. Bb5 a6 4. Ba4 Nf6 5. O-O b5 6. Bb3 Bc5 7. Nc3 d6 8. Nd5 h6 9. c3 O-O 10. d4 Ba7 11. Nxf6+ Qxf6 12. Bd5 Bb7 13. a4 Rfb8 14. axb5 axb5 15. Be3 exd4 16. cxd4 Bb6 17. Rxa8 Bxa8 18. Qd2 Ne7 19. Bxa8 Rxa8 20. Qd3 c6 21. Rc1 Qg6 22. Nh4 Qf6 23. Nf3 Ra2 24. Qb1 Ra6 25. h3 Qe6 26. Qd3 Qa2 27. e5 d5 28. b3 Ra3 29. Rb1 Ra7 30. Rc1 Qa6 31. Bd2 Qb7 32. Bb4 Bd8 33. Qc2 Ra6 34. Ne1 Nc8 35. Nd3 Qa8 36. Qd1 Ne7 37. Kh2 Qc8 38. g4 Ra2 39. Rc2 Qa8 40. Nf4 Rxc2 41. Qxc2 Qa1 42. Bxe7 Bxe7 43. e6 fxe6 44. Qxc6 Qe1 45. Qxe6+ Qxe6 46. Nxe6 Kf7 {[%emt 0:00:00] normal} 1/2-1/2

[Event "DVM U16 2019"]
[Site "Magedburg"]
[Date "2019.12.29"]
[Round "5"]
[White "Prieb, Robert"]
[Black "Melitzki, Richard"]
[Result "1-0"]
[ECO "D45"]
[WhiteElo "1963"]
[BlackElo "1403"]
[Annotator "NA"]
[PlyCount "87"]
[EventDate "2019.12.27"]
[EventType "team-tourn"]
[EventRounds "7"]
[EventCountry "GER"]
[SourceTitle "playchess.com"]
[Source "ChessBase"]
[SourceQuality "1"]
[WhiteTeam "SG Bochum"]
[BlackTeam "SK König Plauen"]
[WhiteTeamCountry "GER"]
[BlackTeamCountry "GER"]
[TimeControl "40/5400+30:1800+30"]

1. d4 d5 2. c4 e6 3. Nc3 Nf6 4. Nf3 c6 5. e3 Bd6 6. Qc2 O-O 7. b3 a6 8. Bd3 b5 9. c5 Bc7 10. Bb2 a5 11. a3 Na6 12. Ne2 Re8 13. O-O-O Bd7 14. Rdg1 Ng4 15. Ng3 f5 16. Nf1 Nf6 17. h3 Ne4 18. g4 Qe7 19. Ne1 Rf8 20. f3 Ng5 21. h4 Nf7 22. gxf5 exf5 23. Bxf5 Bxf5 24. Qxf5 Rae8 25. Qg4 Nh6 26. Qg5 Qxg5 27. hxg5 Nf5 28. Kd2 Nb8 29. Kd3 Nd7 30. e4 dxe4+ 31. fxe4 Rf7 32. Nc2 Ne7 33. Nfe3 Rf3 34. Rf1 Rg3 35. Rhg1 Rh3 36. b4 a4 37. Rf2 Ng6 38. Rgf1 Rd8 39. Ke2 Rg3 40. Rf7 Rxg5 41. d5 Be5 42. dxc6 Bxb2 43. c7 Rc8 44. Rxd7 {[%emt 0:00:00] normal} 1-0

[Event "DVM U16 2019"]
[Site "Magedburg"]
[Date "2019.12.29"]
[Round "5"]
[White "Wang, Ruiming"]
[Black "Grabbel, Lennart Christian"]
[Result "0-1"]
[ECO "C54"]
[WhiteElo "1808"]
[BlackElo "1849"]
[Annotator "NA"]
[PlyCount "78"]
[EventDate "2019.12.27"]
[EventType "team-tourn"]
[EventRounds "7"]
[EventCountry "GER"]
[SourceTitle "playchess.com"]
[Source "ChessBase"]
[SourceQuality "1"]
[WhiteTeam "SG Leipzig"]
[BlackTeam "Hamburger SK"]
[WhiteTeamCountry "GER"]
[BlackTeamCountry "GER"]
[TimeControl "40/5400+30:1800+30"]

1. e4 e5 2. Nf3 Nc6 3. d4 exd4 4. Bc4 Bc5 5. c3 Nf6 6. e5 d5 7. Bb5 Ne4 8. cxd4 Bb4+ 9. Bd2 Nxd2 10. Nbxd2 Bd7 {[%emt 0:00:06] unterminated} 11. Be2 O-O 12. O-O {[%emt 0:00:20] unterminated} Bg4 $14 13. h3 Bh5 14. a3 Ba5 15. b4 Bb6 16. Nb3 Kh8 17. Nc5 Bxc5 18. bxc5 f6 19. Re1 Qe7 20. Qd2 Rae8 21. Rab1 Bxf3 22. Bxf3 fxe5 23. dxe5 Nxe5 24. Bh5 g6 25. f4 Qxc5+ 26. Kh2 Nc4 27. Qc3+ d4 28. Qc2 gxh5 29. Rxe8 Rxe8 30. Rxb7 a5 31. Rb1 Qd5 32. Rc1 Rd8 33. Qd3 Ne3 34. Qe2 Rg8 35. g3 Rb8 36. f5 h4 37. gxh4 Qe5+ 38. Kh1 Qe4+ 39. Kh2 Rg8 {[%emt 0:00:35] normal} 0-1

[Event "DVM U16 2019"]
[Site "Magedburg"]
[Date "2019.12.29"]
[Round "5"]
[White "Baranyai-Molnar, Adam-Kristof"]
[Black "Grunwald, Jonathan"]
[Result "1-0"]
[ECO "C47"]
[WhiteElo "1756"]
[BlackElo "1815"]
[Annotator "NA"]
[PlyCount "139"]
[EventDate "2019.12.27"]
[EventType "team-tourn"]
[EventRounds "7"]
[EventCountry "GER"]
[SourceTitle "playchess.com"]
[Source "ChessBase"]
[SourceQuality "1"]
[WhiteTeam "SF Neuberg"]
[BlackTeam "Biebertaler SF"]
[BlackTeamCountry "GER"]
[TimeControl "40/5400+30:1800+30"]

1. e4 e5 2. Nf3 Nc6 3. Bc4 Nf6 4. Nc3 Be7 5. O-O d6 6. d4 Bg4 7. dxe5 Nxe5 8. Be2 Bxf3 9. Bxf3 h6 10. h4 Nh7 11. Be2 Bxh4 12. f4 Bg3 13. Bg4 Qh4 14. Bh3 Nc6 15. Nd5 O-O 16. Nxc7 Rad8 17. Qd3 Nf6 18. Rf3 Nb4 19. Qb3 Be1 20. c3 Na6 21. Nxa6 bxa6 22. Bf5 Bg3 23. Be3 d5 24. e5 Ne4 25. Bh3 Rd7 26. Rd1 Rfd8 27. Kf1 Kh8 28. Ke2 Qe7 29. Bxd7 Qxd7 30. c4 Bh4 31. Rxd5 Qg4 32. Rxd8+ Bxd8 33. Qb8 Qh4 34. g3 Qe7 35. Qxa7 Qb4 36. Qd4 Ba5 37. Bd2 Nxd2 38. Ra3 Ne4 39. Rxa5 Nxg3+ 40. Kf3 Qxa5 41. Kxg3 Qxa2 42. Qc3 Qb1 43. c5 Qg6+ 44. Kf3 Qc6+ 45. Ke3 h5 46. Qd4 Qg2 47. Qd2 Qg1+ 48. Qf2 Qc1+ 49. Ke4 Qh1+ 50. Qf3 Qb1+ 51. Kd5 Qa2+ 52. b3 Qd2+ 53. Kc6 Qd8 54. Kb7 Qe7+ 55. Kb6 Qd8+ 56. Kxa6 Qc8+ 57. Kb5 Qb8+ 58. Kc4 g6 59. b4 Qa7 60. Qb3 Qb7 61. Qc2 Qf3 62. Qd2 Qf1+ 63. Kb3 Qf3+ 64. Kb2 Qb7 65. Qd4 Qg2+ 66. Kc3 Qc6 67. e6+ Kg8 68. Qd8+ Kg7 69. e7 Qf3+ 70. Qd3 {[%emt 0:00:00] normal} 1-0

[Event "DVM U16 2019"]
[Site "Magedburg"]
[Date "2019.12.29"]
[Round "5"]
[White "Engert, Kiyan"]
[Black "Bethke, Robert"]
[Result "1/2-1/2"]
[ECO "D05"]
[WhiteElo "1730"]
[BlackElo "2046"]
[Annotator "NA"]
[PlyCount "99"]
[EventDate "2019.12.27"]
[EventType "team-tourn"]
[EventRounds "7"]
[EventCountry "GER"]
[SourceTitle "playchess.com"]
[Source "ChessBase"]
[SourceQuality "1"]
[WhiteTeam "Biebertaler SF"]
[BlackTeam "SF Neuberg"]
[WhiteTeamCountry "GER"]
[BlackTeamCountry "GER"]
[TimeControl "40/5400+30:1800+30"]

1. d4 d5 2. Nf3 Nf6 3. e3 e6 4. Bd3 b6 5. b3 Bb7 6. Bb2 Nbd7 7. O-O Be7 8. Nbd2 O-O 9. Ne5 c5 10. f4 Ne4 11. c4 f5 12. Ndf3 Ndf6 13. Qe2 Rc8 14. Rac1 Qe8 15. a3 Qh5 16. dxc5 Nxc5 17. Nd4 Nxd3 18. Qxh5 Nxh5 19. Nxd3 dxc4 20. bxc4 Bf6 21. Nxe6 Bxb2 22. Nxb2 Rfe8 23. Nd4 Rxe3 24. Nxf5 Re2 25. Rf2 Rxf2 26. Kxf2 Rd8 27. Rd1 Rxd1 28. Nxd1 Nxf4 29. Nd6 Bxg2 30. Nc8 Bb7 31. Nxa7 Nd3+ 32. Ke3 Ne5 33. Nb2 Ng4+ 34. Kf4 Nxh2 35. Na4 h6 36. Nxb6 g5+ 37. Kg3 Nf1+ 38. Kf2 Nd2 39. Nb5 Nb3 40. Nd7 Kh7 41. Na7 Kg6 42. c5 Na5 43. Nb8 Kf5 44. c6 Bxc6 45. Naxc6 Nxc6 46. Nxc6 Ke6 47. Nb4 Kd6 48. a4 Kc5 49. a5 Kb5 50. a6 {normal} 1/2-1/2

[Event "DVM U16 2019"]
[Site "Magedburg"]
[Date "2019.12.29"]
[Round "5"]
[White "Goltser, Ilja"]
[Black "Schaefer, Konstantin"]
[Result "1-0"]
[ECO "B30"]
[WhiteElo "1703"]
[BlackElo "1766"]
[Annotator "NA"]
[PlyCount "89"]
[EventDate "2019.12.27"]
[EventType "team-tourn"]
[EventRounds "7"]
[EventCountry "GER"]
[SourceTitle "playchess.com"]
[Source "ChessBase"]
[SourceQuality "1"]
[WhiteTeam "Hamburger SK"]
[BlackTeam "SG Leipzig"]
[WhiteTeamCountry "UKR"]
[BlackTeamCountry "GER"]
[TimeControl "40/5400+30:1800+30"]

1. e4 c5 2. Nf3 Nc6 3. Bb5 d6 4. O-O Bd7 5. Re1 e5 6. c3 g6 7. d4 Qc7 8. dxc5 dxc5 9. Bxc6 Bxc6 10. c4 Bg7 11. Nc3 Ne7 12. Nd5 Nxd5 13. exd5 Bd7 14. Nxe5 O-O 15. Bf4 Qc8 16. Qd2 Re8 17. Nd3 b5 18. Rxe8+ Bxe8 19. Rc1 b4 20. Bd6 Bd4 21. Nxb4 Qd8 22. Bf4 Qf6 23. Nd3 Bd7 24. Be3 Bf5 25. b3 Rc8 26. Rd1 Bg4 27. Bxd4 Qxd4 28. Re1 Bf5 29. Re3 a5 30. Qe2 Bg4 31. Re8+ Rxe8 32. Qxe8+ Kg7 33. Qe5+ Qxe5 34. Nxe5 Bf5 35. Nc6 a4 36. bxa4 Kf8 37. a5 Bc8 38. Nb8 Ke8 39. a6 Kd8 40. a7 Bb7 41. Na6 Ba8 42. Nxc5 Kc7 43. g3 Kb6 44. d6 {[%emt 0:00:43] normal} Kc6 45. d7 1-0

[Event "DVM U16 2019"]
[Site "Magedburg"]
[Date "2019.12.29"]
[Round "5"]
[White "Hoerkner, Nico"]
[Black "Biermann, Lenhard"]
[Result "0-1"]
[ECO "A98"]
[WhiteElo "1699"]
[BlackElo "2098"]
[Annotator "NA"]
[PlyCount "48"]
[EventDate "2019.12.27"]
[EventType "team-tourn"]
[EventRounds "7"]
[EventCountry "GER"]
[SourceTitle "playchess.com"]
[Source "ChessBase"]
[SourceQuality "1"]
[WhiteTeam "SK König Plauen"]
[BlackTeam "SG Bochum"]
[WhiteTeamCountry "GER"]
[BlackTeamCountry "GER"]
[TimeControl "40/5400+30:1800+30"]

1. d4 e6 2. Nf3 f5 3. c4 Nf6 4. g3 d6 5. Bg2 Be7 6. Nc3 O-O {unterminated} 7. O-O Qe8 {unterminated} 8. Qc2 Qh5 {unterminated} 9. Re1 {unterminated} Nc6 {unterminated} 10. a3 {unterminated} e5 {unterminated} 11. d5 $11 Nd8 12. b4 Nf7 13. Qd2 Bd7 14. Ra2 Rae8 15. e4 f4 16. Qd3 Bh3 17. Bxh3 Qxh3 18. gxf4 exf4 19. Bxf4 g5 20. Bc1 g4 21. Kh1 Qxf3+ 22. Qxf3 gxf3 23. Rg1+ Kh8 24. Rg3 Ne5 {normal} 0-1

[Event "DVM U16 2019"]
[Site "Magedburg"]
[Date "2019.12.29"]
[Round "5"]
[White "Peschel, Julia"]
[Black "Kolzenburg, Jan Niklas"]
[Result "0-1"]
[ECO "C43"]
[WhiteElo "1384"]
[BlackElo "1648"]
[Annotator "NA"]
[PlyCount "52"]
[EventDate "2019.12.27"]
[EventType "team-tourn"]
[EventRounds "7"]
[EventCountry "GER"]
[SourceTitle "playchess.com"]
[Source "ChessBase"]
[SourceQuality "1"]
[WhiteTeam "Biebertaler SF"]
[BlackTeam "SF Neuberg"]
[WhiteTeamCountry "GER"]
[TimeControl "40/5400+30:1800+30"]

1. e4 e5 2. Nf3 Nf6 3. d4 Nxe4 4. dxe5 d5 5. Nbd2 Nxd2 6. Qxd2 h6 7. Qf4 c5 8. Bd2 Nc6 9. c3 g5 10. Qe3 Qc7 11. h3 Be6 12. Bb5 Be7 13. Qe2 O-O-O 14. O-O-O d4 15. cxd4 cxd4 16. Kb1 Kb8 17. Rc1 Qb6 18. Bxc6 bxc6 19. Qd3 Rd5 20. Ka1 Ka8 21. Rc2 Rb8 22. Rb1 c5 23. g4 Rd7 24. Be1 c4 25. Qd1 c3 26. Qc1 Bxa2 {normal} 0-1